 Dungeon Crawl Stone Soup version 0.31-a0-182-gc5ef74bbde (webtiles) character file.

Game seed: 14729485166541332907

103 PimpSugar the Magician (level 4, -4/32 HPs)
             Began as a Demonspawn Hedge Wizard on June 21, 2023.
             Slain by a gnoll
             ... wielding a +4 halberd
              (11 damage)
             ... on level 3 of the Dungeon.
             The game lasted 00:07:31 (2095 turns).

PimpSugar the Magician (Demonspawn Hedge Wizard)    Turns: 2095, Time: 00:07:32

Health: -4/32      AC:  3    Str: 10    XL:     4   Next: 51%
Magic:  9/9        EV: 12    Int: 18    God:
Gold:   129        SH:  0    Dex: 12    Spells: 4/10 levels left

rFire   . . .        e - +0 sling
rCold   . . .        (no shield)
rNeg    . . .        b - +0 robe
rPois   .            c - +0 hat
rElec   .            m - +0 cloak
rCorr   .            (no gloves)
SInv    .            (no boots)
Will    .....        (no amulet)
Stlth   +            (no ring)
HPRegen 0.25/turn    (no ring)
MPRegen 0.11/turn

%: no passive effects
@: confused, ambrosia-drunk
A: spiny 1
a: no special abilities


You were on level 3 of the Dungeon.
You visited 1 branch of the dungeon, and saw 3 of its levels.

You collected 129 gold pieces.

Inventory:

Hand Weapons
 a - a +0 dagger
 e - a +0 sling (weapon)
Missiles
 f - 21 stones
 j - 4 poisoned darts
Armour
 b - a +0 robe (worn)
 c - a +0 hat (worn)
 m - a +0 cloak (worn)
 p - the +2 leather armour "Tupponoe" {Harm Str-2 Dex+3 Slay+5}
   (You found it on level 2 of the Dungeon)

   Str:       It affects your strength (-2).
   Dex:       It affects your dexterity (+3).
   Slay:      It affects your accuracy & damage with ranged weapons and melee
   (+5).
   Harm:      It increases damage dealt and taken.
Potions
 d - 2 potions of magic
 g - a potion of mutation
 h - a potion of heal wounds {unknown}
 l - a potion of brilliance {unknown}
 n - 2 potions of ambrosia


   Skills:
 + Level 1.2 Fighting
 + Level 2.1 Dodging
 + Level 2.3 Stealth
 * Level 3.5 Spellcasting
 * Level 2.0 Conjurations
 + Level 1.6 Summonings
 + Level 1.4 Translocations


You had 4 spell levels left.
You knew the following spells:

 Your Spells              Type           Power      Damage    Failure   Level
a - Magic Dart            Conj           40%        1d5       7%          1
b - Call Imp              Summ           18%        N/A       12%         2
d - Slow                  Hex            12%        N/A       16%         1
e - Blink                 Tloc           16%        N/A       13%         2

Your spell library contained the following spells:

 Spells                   Type           Power      Damage    Failure   Level
 Cigotuvi's Dreadful Rot  Necr/Pois/Air  6%         N/A       24%         2
 Mephitic Cloud           Conj/Pois/Air  5%         N/A       34%         3


Dungeon Overview and Level Annotations

Branches:
Dungeon (3/15)

Altars:
Makhleb


Innate Abilities, Weirdness & Mutations

You are partially covered in sharp spines.


Message History

Aim: a gnoll, wielding a +4 halberd (slow, 56% to hit)
You shoot a sling bullet.
The sling bullet barely misses the gnoll.
The gnoll is no longer moving slowly.
You swap places.
Your cerulean imp hits the gnoll but does no damage.
There is a stone staircase leading down here.
The gnoll hits your cerulean imp with a +4 halberd!!
Your cerulean imp dies!
Your cerulean imp disappears in a puff of smoke!
Casting: Slow (safe; 16% risk of failure)
Confirm with . or Enter, or press ? or * to list all spells.
A tiny devil pulls itself out of the air.
Your cerulean imp hits the gnoll with a -4 spear.
Your magical contamination has completely faded away.
Fire: e) +0 sling
Press: ? - help, Q - select action, (/) - cycle Shift-Dir - straight line, f/p - gnoll
Aim: a gnoll, wielding a +4 halberd (lightly wounded, ally target, 56% to hit)
You shoot a sling bullet. The sling bullet hits the gnoll.
The gnoll is moderately wounded.
The gnoll hits you from afar with a +4 halberd!
A gnoll comes into view. It is wielding a +0 quarterstaff.
Your cerulean imp barely misses the gnoll.
The gnoll hits you from afar with a +4 halberd!
* * * LOW HITPOINT WARNING * * *
A gnoll comes into view. It is wielding a +0 whip.
The gnoll moves out of view.
You are confused.
You feel invigorated.
Your cerulean imp hits the gnoll with a -4 spear.
The gnoll closely misses you.
You bump into the rock wall.
Your cerulean imp closely misses the gnoll.
The gnoll hits you from afar with a +4 halberd!
* * * LOW HITPOINT WARNING * * *
The gnoll barely misses your cerulean imp.
You bump into the rock wall.
Your cerulean imp hits the gnoll with a -4 spear.
The gnoll hits you from afar with a +4 halberd!
You die...

#.##.# ......
#####.##.#
......##.# #
##...##.#.#
#.....#.#g#
..########).....g5.#
..........)....#.###
..###...........@#
........##########
.####...# ##### #
####.# #....# #<#
#.# #.#


You could see 2 gnolls and a friendly cerulean imp (summoned).

Vanquished Creatures
  3 adders (D:2)
  A worm (D:2)
  An orc (D:2)
  8 bats
  5 endoplasms
  4 giant cockroaches
  3 hobgoblins
  4 jackals (D:2)
  A quokka (D:1)
  3 ball pythons
  2 frilled lizards
  7 goblins
  A kobold (D:1)
  4 rats
47 creatures vanquished.

Vanquished Creatures (collateral kills)
  A gnoll (D:3)
  An adder (D:2)
  A giant cockroach (D:1)
3 creatures vanquished.

Grand Total: 50 creatures vanquished

Notes
Turn   | Place    | Note
-------+----------+-------------------------------------------
     0 | D:1      | PimpSugar the Demonspawn Hedge Wizard began the quest for
                  | the Orb.
     0 | D:1      | Reached XP level 1. HP: 13/13 MP: 4/4
   319 | D:1      | Reached skill level 1 in Translocations
   415 | D:1      | Gained mutation: You are partially covered in sharp spines.
                  | [demonic ancestry]
   415 | D:1      | Reached XP level 2. HP: 19/19 MP: 4/6
   422 | D:1      | Learned a level 2 spell: Call Imp
   880 | D:1      | Reached XP level 3. HP: 25/25 MP: 7/7
  1057 | D:1      | Learned a level 1 spell: Slow
  1060 | D:1      | Learned a level 2 spell: Blink
  1378 | D:2      | Reached skill level 1 in Fighting
  1423 | D:2      | Reached XP level 4. HP: 31/32 MP: 7/9
  1566 | D:2      | Identified the +2 leather armour "Tupponoe" {Harm Str-2
                  | Dex+3 Slay+5}
  1751 | D:2      | Found a burning altar of Makhleb.
  2095 | D:3      | Slain by a gnoll

Illustrated notes

Levels and vault maps discovered:
D:1:      dpeg_arrival_chambers_temple_mockup, layout_loops_ring
D:2:      layout_basic, basic_altar
D:3:      layout_loops_ring, mainiacjoe_overflow_paths,
          mainiacjoe_overflow_six_doors_small, nicolae_ru_the_path_less_chosen,
          nemelex_dance_club_becter

Skill      XL: |  1  2  3  4 |
---------------+-------------+-----
Translocations | 1 |  1.4
Stealth        | 2 |  2.3
Dodging        | 2 |  2.1
Fighting       | 1 |  1.2
Conjurations   | 2 |  2.0
Spellcasting   | |  3.5
Summonings     | |  1.6

Action                     |  1- 3 |  4- 6 || total
---------------------------+-------+-------++-------
  Melee: Dagger            |     9 |       ||     9
   Fire: Sling             |    54 |    13 ||    67
   Cast: Magic Dart        |    45 |     6 ||    51
         Call Imp          |     3 |     2 ||     5
         Slow              |     1 |     3 ||     4
    Use: Scroll            |       |     5 ||     5
         Potion            |       |     1 ||     1
 Armour: Robe              |    25 |     2 ||    27
  Dodge: Dodged            |    46 |     4 ||    50

Table legend: (Time is in decaauts)
 A = Elapsed time spent in this place.
 B = Non-inter-level travel time spent in this place.
 C = Inter-level travel time spent in this place.
 D = Time resting spent in this place.
 E = Time spent auto-exploring this place.
 F = Levels seen in this place.
 G = Mean time per level.
                   A        B        C        D        E       F      G
               +--------+--------+--------+--------+--------+-----+--------+
         Total |   2120 |   2023 |     97 |    140 |   1434 |   3 |  706.7 |
       Dungeon |   2120 |   2023 |     97 |    140 |   1434 |   3 |  706.7 |
               +--------+--------+--------+--------+--------+-----+--------+

Top non-repeatable levels by time:
     D:1: 1074 daAuts
     D:2: 1007 daAuts
     D:3: 39 daAuts
